Map: [ESL] Oceanborn

Players

SpeCial

  • Race: Terran Terran
  • Spawn Location: 5:00

trigger - Winner!

  • Race: Protoss Protoss
  • Spawn Location: 11:00

Event: ESL SC2 Masters 2024 Spring (Regional)

VOD

Have the link to the VOD?

Description

Time

  • Played on: April 14, 2024, 12:31 p.m.
  • Length: 7:38

All games in this series

Show
View Real Time Build Order
Export as new Build Order

SpeCial Terran 

Build Orders: Cyclone Opening, Gas First Reaper Expand 

Get SALT Encoding   

  12  0:00  SCV  
  13  0:12  SCV  
  14  0:17  Supply Depot  
  14  0:24  SCV  
  14  0:27  Refinery  
  15  0:39  SCV  
  16  0:44  Barracks  
  16  0:51  SCV  
  17  1:03  SCV  
  18  1:15  SCV  
  19  1:31  Reaper, Orbital Command  
  20  1:44  Command Center  
  20  1:53  Factory  
  20  1:57  SCV  
  21  2:06  Barracks Reactor  
  21  2:15  Engineering Bay  
  21  2:18  Supply Depot  
  21  2:19  SCV  
  22  2:31  SCV  
  23  2:37  Barracks  
  23  2:43  SCV  
  24  2:46  Cyclone  
  24  2:48  Cyclone  
  28  2:55  SCV  
  28  2:57  Orbital Command  
  29  3:03  Barracks Tech Lab  
  29  3:05  Refinery  
  29  3:08  SCV  
  30  3:22  Cyclone  
  30  3:23  Marine  
  30  3:24  Marine  
  30  3:25  SCV  
  30  3:26  SCV  
  36  3:30  Cyclone  
  38  3:38  Supply Depot  
  38  3:39  Barracks  
  38  3:42  SCV x2  
  38  3:44  Marine x2  
  42  3:57  SCV  
  42  4:01  Combat Shield  
  45  4:03  Marauder  
  45  4:04  SCV  
  45  4:09  SCV  
  47  4:16  SCV  
  46  4:20  Factory Tech Lab  
  46  4:22  SCV  
  49  4:24  Marauder  
  49  4:26  Bunker  
  49  4:28  SCV  
  49  4:29  Marine  
  49  4:30  Barracks Tech Lab, Marine  
  52  4:34  SCV, Supply Depot  
  52  4:43  SCV  
  52  4:45  Siege Tank  
  56  4:46  SCV  
  56  4:47  Marine x2, Marauder  
  61  4:56  Marauder  
  61  4:57  Supply Depot  
  61  4:58  SCV x2, Supply Depot  
  64  5:10  SCV  
  64  5:11  Marine x2  
  64  5:12  Marauder  
  68  5:14  SCV  
  68  5:19  Marauder  
  71  5:22  Siege Tank, SCV  
  71  5:27  Supply Depot  
  75  5:28  Marine  
  75  5:29  SCV, Marine  
  78  5:36  Stimpack  
  78  5:39  SCV  
  78  5:42  SCV  
  80  5:47  Supply Depot  
  80  5:48  Marine x2  
  80  5:49  Marauder x2  
  84  5:54  Engineering Bay  
  84  6:01  SCV x2  
  86  6:07  Marine x2  
  86  6:10  Siege Tank  
  90  6:13  SCV x2, Refinery  
  90  6:18  Concussive Shells  
  92  6:25  SCV, Marine x2  
  92  6:26  SCV  
  92  6:27  Marauder x2  
  98  6:43  Marine x2  
  98  6:45  SCV x2  
  102  6:49  Refinery  
  102  6:50  Supply Depot  
  102  6:52  Supply Depot  
  102  6:57  Supply Depot  
  102  7:10  SCV  
  102  7:12  Marine x2, Marauder  
  102  7:14  Marauder  
  111  7:16  Supply Depot  
  111  7:21  SCV  
  111  7:22  SCV  
Show
View Real Time Build Order
Export as new Build Order

trigger Protoss - Winner!

Build Orders: 1 Gate Expand, Blink Stalkers 

Get SALT Encoding   

  12  0:00  Probe  
  13  0:12  Probe  
  14  0:17  Pylon  
  14  0:24  Probe (Chrono Boost)  
  15  0:36  Probe (Chrono Boost)  
  15  0:37  Gateway  
  16  0:44  Probe (Chrono Boost)  
  16  0:46  Assimilator  
  17  0:51  Probe  
  18  1:03  Probe  
  19  1:15  Probe  
  20  1:24  Cybernetics Core  
  20  1:31  Nexus  
  20  1:38  Pylon  
  20  1:42  Probe  
  21  1:47  Assimilator  
  21  1:54  Probe  
  21  1:57  Adept (Chrono Boost)  
  21  2:01  Warp Gate  
  24  2:06  Probe  
  25  2:17  Stalker (Chrono Boost)  
  25  2:18  Probe  
  28  2:30  Probe  
  28  2:35  Twilight Council  
  32  2:45  Probe (Chrono Boost)  
  32  2:48  Probe (Chrono Boost)  
  33  2:54  Probe (Chrono Boost)  
  33  2:57  Probe (Chrono Boost)  
  35  2:59  Probe (Chrono Boost)  
  35  3:03  Gateway  
  34  3:09  Blink (Chrono Boost), Probe (Chrono Boost)  
  34  3:11  Probe (Chrono Boost)  
  36  3:18  Robotics Facility  
  37  3:22  Probe (Chrono Boost)  
  37  3:23  Probe (Chrono Boost), Stalker  
  37  3:27  Probe (Chrono Boost)  
  40  3:31  Probe  
  40  3:34  Pylon  
  42  3:37  Probe  
  42  3:41  Gateway  
  43  3:44  Gateway  
  43  3:46  Probe  
  44  3:52  Probe  
  44  4:00  Stalker  
  44  4:01  Stalker  
  49  4:04  Warp Prism (Chrono Boost)  
  49  4:09  Assimilator  
  50  4:12  Probe  
  50  4:16  Probe  
  52  4:25  Stalker  
  54  4:38  Pylon  
  54  4:42  Pylon  
  54  4:46  Nexus  
  54  4:55  Observer  
  54  4:57  Stalker x3  
  54  4:58  Probe  
  63  5:00  Probe  
  63  5:10  Stalker  
  63  5:11  Probe  
  64  5:17  Forge  
  64  5:18  Gateway  
  64  5:20  Gateway, Charge (Chrono Boost)  
  64  5:22  Probe (Chrono Boost)  
  64  5:27  Probe (Chrono Boost)  
  66  5:33  Pylon  
  66  5:34  Probe (Chrono Boost)  
  67  5:38  Gateway, Sentry  
  67  5:40  Gateway  
  70  5:42  Probe (Chrono Boost)  
  70  5:52  Shield Battery  
  70  5:54  Immortal (Chrono Boost), Pylon  
  70  5:56  Sentry  
  72  6:01  Probe x3  
  79  6:10  Zealot x2  
  83  6:17  Probe  
  83  6:18  Probe x2  
  86  6:21  Zealot x2  
  86  6:23  Zealot  
  92  6:27  Robotics Bay  
  92  6:30  Probe  
  92  6:32  Zealot x2  
  93  6:41  Zealot x3  
  99  6:47  Zealot  
  99  6:51  Pylon  
  99  6:52  Pylon  
  101  7:10  Zealot x3  
  101  7:11  Zealot x2  
  101  7:14  Pylon x2  
  109  7:20  Zealot x3  
  85  7:30  Zealot x3  
  85  7:31  Zealot x2  
Tags
 
Add a new tag
Caveats
  • Supply blocks, unpowered buildings, or Contaminate may cause inaccurate times.
  • Supply counts are checked every 10 seconds.